 Dungeon Crawl Stone Soup version 0.32-a0-42-ga30500b (webtiles) character file.

Game seed: 2575710433690312402

445 Dorkslayer the Ruffian (level 7, 0/46 HPs)
             Began as an Octopode Fighter on Jan 29, 2024.
             Was an Initiate of Dithmenos.
             Slain by Pikel
             ... wielding a +1 whip of electrocution
              (9 damage)
             ... on level 4 of the Dungeon.
             The game lasted 00:08:32 (2859 turns).

Dorkslayer the Ruffian (Octopode Fighter)           Turns: 2859, Time: 00:08:32

Health: 0/46       AC:  1    Str: 18    XL:     7   Next: 3%
Magic:  7/7        EV: 18    Int: 10    God:    Dithmenos [......]
Gold:   202        SH:  4    Dex: 11    Spells: 6/6 levels left

rFire   + . .        u - +2 hand axe (freeze)
rCold   . . .        a - +0 buckler
rNeg    . . .        (helmet restricted)
rPois   +            (no amulet)
rElec   .            c - ring of poison resistance
rCorr   .            d - +5 ring of evasion
SInv    .            f - ring of flight
Will    .....        g - ring of wizardry
Stlth   +++          i - ring of protection from fire
HPRegen 0.27/turn    (no ring)
MPRegen 0.10/turn    (no ring)
                     (no ring)

%: wizardry (x1)
@: flying
A: almost no armour, amphibious, 8 rings, camouflage 1, gelatinous body 1,
(nimble swimmer 1), tentacles
a: Renounce Religion


You were on level 4 of the Dungeon.
You worshipped Dithmenos.
Dithmenos was noncommittal.
You visited 2 branches of the dungeon, and saw 6 of its levels.

You collected 202 gold pieces.

Inventory:

Hand Weapons
 b - a +2 heavy flail
 u - a +2 hand axe of freezing (weapon)
Missiles
 m - 8 boomerangs (quivered)
Armour
 a - a +0 buckler (worn)
Jewellery
 c - a ring of poison resistance (left tentacle)
 d - a +5 ring of evasion (right tentacle)
 f - a ring of flight (on tentacle)
 g - a ring of wizardry (on tentacle)
 i - a ring of protection from fire (on tentacle)
Talismans
 t - a serpent talisman
Scrolls
 p - a scroll of blinking
 s - 2 scrolls of teleportation
Potions
 e - a potion of attraction {unknown}
 h - a potion of berserk rage
 j - a potion of enlightenment {unknown}
 k - a potion of degeneration {unknown}
 l - a potion of heal wounds {unknown}
 n - a potion of cancellation {unknown}
 o - 2 potions of curing
 v - a potion of haste {unknown}


   Skills:
 + Level 3.4 Fighting
 + Level 0.4 Axes
 + Level 3.8 Dodging
 + Level 4.1 Stealth
 + Level 3.6 Shields
 * Level 4.9 Unarmed Combat
 * Level 1.6 Shapeshifting


You had 6 spell levels left.
You didn't know any spells.
Your spell library contained the following spells:

 Spells                   Type           Power      Damage    Failure   Level
 Necrotise                Necr           0%         1d4       19%         1
 Vampiric Draining        Necr           0%         2d6       47%         3
 Martyr's Knell           Necr/Summ      0%         N/A       86%         4
 Curse of Agony           Necr           0%         N/A       99%         5


Dungeon Overview and Level Annotations

Branches:
Dungeon (5/15)             Temple (1/1) D:4

Altars:
Ashenzari
Dithmenos
Elyvilon
Fedhas
Gozag
Hepliaklqana
Kikubaaqudgha
Makhleb
Nemelex Xobeh
Okawaru
Qazlal
Ru
Sif Muna
Trog
Uskayaw
Vehumet
Wu Jian
Xom
Yredelemnul
Zin
The Shining One

Shops:
D:1 (

Annotations:
D:4 Pikel
D:5 1 transporter


Innate Abilities, Weirdness & Mutations

You cannot wear most types of armour.
You are amphibious.
You can wear up to eight rings at the same time.
Your skin changes colour to match your surroundings (Stealth+).
Your rubbery body absorbs attacks. (AC +1, EV +1)
((You are camouflaged when in or above water. (Stealth+)))
You have tentacles for arms and can constrict up to eight enemies at once.


Message History

You miss the quokka. Your grab misses the quokka.
Your squeeze misses the quokka. The quokka completely misses you.
The quokka closely misses you.
You closely miss the quokka. You grab the quokka. You constrict the quokka.
The quokka closely misses you. You block the quokka's attack.
You hit the quokka. You freeze the quokka.
You kill the quokka!
Dithmenos accepts your kill.
You see here a quokka corpse.
There is a stone staircase leading down here.
HP restored.
Done exploring.
You fly downwards.
Level annotation: 1 transporter, Pikel The lemure shouts!
You hear a shout! x3; You hear an angry hiss.
Pikel hits you with a +1 whip of electrocution!
There is a stone staircase leading up here.
You see here a +0 whip.
Pikel misses you. The lemure misses you.
You fly upwards.
There is a stone staircase leading down here.
You slash Pikel! You freeze Pikel. You grab Pikel.
Pikel is moderately wounded.
You closely miss the lemure. You constrict Pikel, but do no damage.
Pikel hits you with a +1 whip of electrocution.
The lemure misses you.
You slash Pikel! You freeze Pikel.
Pikel is heavily wounded.
You hit the lemure but do no damage. You constrict Pikel, but do no damage.
Pikel waves his whip at you.
Pikel hits you with a +1 whip of electrocution!
You are electrocuted!
The lemure hits you!
* * * LOW HITPOINT WARNING * * *
Pikel barely misses you. The lemure barely misses you.
You hit Pikel. You freeze Pikel.
Pikel is heavily wounded.
You closely miss the lemure. You constrict Pikel.
Pikel hits you with a +1 whip of electrocution!
You die...
Pikel says, "See you in Hell!"

##################
#.....#....#.....#
#.....#....'.....#
#.....#....#.....#
#.....#....#.....#
#.....#....#....####
#.....#....#....##<.
#...5.#....#........
#..@..##...##...##..
#..K..##...##...##..
#...........#...####
#...........#...#...
#...).......#...#...
#.....####'######...
#.....#.............
#.....#.............
##'#####.............


You could see Pikel and a lemure.

Vanquished Creatures
  Edmund (D:5)
  A centaur (D:4)
  A hound (D:5)
  A gnoll bouda (D:5)
  Terence (D:3)
  7 gnolls (D:5)
  4 adders
  A white imp (D:5)
  3 ribbon worms
  An orc (D:4)
  6 ball pythons
  4 bats
  5 endoplasms
  4 giant cockroaches
  3 goblins
  5 hobgoblins
  2 quokkas
  4 frilled lizards
  11 kobolds
  4 rats
69 creatures vanquished.

Notes
Turn   | Place    | Note
-------+----------+-------------------------------------------
     0 | D:1      | Dorkslayer the Octopode Fighter began the quest for the
                  | Orb.
     0 | D:1      | Reached XP level 1. HP: 16/16 MP: 1/1
   106 | D:1      | Reached XP level 2. HP: 17/21 MP: 2/2
   266 | D:1      | Found Goomohoff's Weapon Boutique.
   553 | D:2      | Reached XP level 3. HP: 26/26 MP: 3/3
  1089 | D:2      | Reached skill level 1 in Stealth
  1157 | D:3      | Reached XP level 4. HP: 31/31 MP: 4/4
  1257 | D:3      | Noticed Terence
  1273 | D:3      | Killed Terence
  1330 | D:3      | Found a faded altar of an unknown god.
  1784 | D:4      | Found an ancient bone altar of Kikubaaqudgha.
  2049 | D:4      | Found a staircase to the Ecumenical Temple.
  2074 | Temple   | Entered the Ecumenical Temple
  2114 | Temple   | Became a worshipper of Dithmenos the Shadowed
  2301 | D:4      | Reached XP level 5. HP: 36/36 MP: 5/5
  2434 | D:5      | Entered Level 5 of the Dungeon
  2436 | D:5      | Found a transporter.
  2442 | D:5      | Noticed a centaur
  2444 | D:5      | Noticed Edmund
  2556 | D:4      | Killed a centaur
  2557 | D:4      | Reached skill level 1 in Shapeshifting
  2557 | D:4      | Reached XP level 6. HP: 14/42 MP: 6/6
  2605 | D:5      | Killed Edmund
  2730 | D:5      | Reached XP level 7. HP: 30/46 MP: 7/7
  2730 | D:5      | Noticed Pikel
  2859 | D:4      | Slain by Pikel

Illustrated notes

Levels and vault maps discovered:
D:1:      nzn_arrival_depleted_hourglass, layout_rooms, serial_shops, shop,
          corner_web_ring, hangedman_abyss_or_decor_lesser_grid
D:2:      layout_loops_ring, nicolae_houndstooth_variations
D:3:      layout_loops_ring, hellmonk_ecumenical_altar_heavens_door,
          uniq_terence
D:4:      layout_gridville, kiku_gazebo_garden_becter,
          minmay_temple_entry_trees, minivault_19
D:5:      layout_basic, gammafunk_ghost_abyssal_escape, serial_shops,
          nicolae_shop_mannequins, shop, uniq_blork_the_orc, uniq_pikel,
          uniq_edmund
Temple:   mainiacjoe_temple_big_plus

Skill      XL: |  1  2  3  4  5  6 |
---------------+-------------------+-----
Stealth        | 1 2 3 4 |  4.1
Unarmed Combat | 3 4 |  4.9
Shapeshifting  | 1 |  1.6
Fighting       | |  3.4
Axes           | |  0.4
Dodging        | |  3.8
Shields        | |  3.6

Action                     |  1- 3 |  4- 6 |  7- 9 || total
---------------------------+-------+-------+-------++-------
  Melee: Unarmed           |    61 |    54 |       ||   115
         Constrict         |    18 |    15 |     3 ||    36
         Tentacles         |    19 |    21 |       ||    40
         Punch             |     1 |     1 |       ||     2
         Hand axe          |       |    17 |     8 ||    25
    Use: Scroll            |     4 |     6 |       ||    10
         Potion            |       |     5 |       ||     5
   Stab: Sleeping          |     5 |     7 |       ||    12
         Distracted        |       |     1 |       ||     1
 Armour: Skin              |    12 |    28 |     9 ||    49
  Dodge: Dodged            |    37 |    76 |    10 ||   123
  Block: Buckler           |    10 |    13 |     2 ||    25

Table legend: (Time is in decaauts)
 A = Elapsed time spent in this place.
 B = Non-inter-level travel time spent in this place.
 C = Inter-level travel time spent in this place.
 D = Time resting spent in this place.
 E = Time spent auto-exploring this place.
 F = Levels seen in this place.
 G = Mean time per level.
                   A        B        C        D        E       F      G
               +--------+--------+--------+--------+--------+-----+--------+
         Total |   2865 |   2865 |      0 |     90 |   1567 |   6 |  477.5 |
       Dungeon |   2785 |   2785 |      0 |     90 |   1567 |   5 |  557.0 |
        Temple |     79 |     79 |      0 |      0 |      0 |   1 |   79.0 |
               +--------+--------+--------+--------+--------+-----+--------+

Top non-repeatable levels by time:
     D:4: 1006 daAuts
     D:2: 664 daAuts
     D:3: 588 daAuts
     D:1: 454 daAuts
  Temple: 79 daAuts
     D:5: 71 daAuts
